TOP OF THE 1ST |
Florida State University Seminoles batting - Pitching for University of Minnesota Golden Gophers : LHP Alexis Varela
|
Pitching: LHP Alexis Varela
|
|
Batting: RHB Larry Berge
|
0-0: Called Strike 0-1: Foul Ball, location: 2F 0-2: Ball 1-2: Foul Ball, location: 2F 1-2: Strikes out swinging
|
Batting: RHB Ray Johnson
|
0-0: Called Strike 0-1: Called Strike 0-2: Ball 1-2: Ball 2-2: Ball 3-2: Strikes out swinging
|
Batting: LHB Ethan Ware
|
0-0: Called Strike 0-1: Called Strike 0-2: SOLO HOME RUN (Flyball, 89XD, EV 103.8 MPH), Distance : 409 ft
|
Batting: RHB Ed Vilches
|
0-0: Called Strike 0-1: Ball 1-1: Ball 2-1: Foul Ball, location: 2F 2-2: Ground out 1-3 (Groundball, 15S, EV 64.4 MPH)
|
Top of the 1st over - 1 run, 1 hit, 0 errors, 0 left on base; Florida State University 1 - University of Minnesota 0 |
BOTTOM OF THE 1ST |
University of Minnesota Golden Gophers batting - Pitching for Florida State University Seminoles : RHP Kyle Carlson
|
Pitching: RHP Kyle Carlson
|
|
Batting: RHB Tatsuyoshi Ikeda
|
0-0: Called Strike 0-1: Foul Ball, location: 2F 0-2: Strikes out looking
|
Batting: LHB Alex Villa
|
0-0: Ball 1-0: Ball 2-0: Foul Ball, location: 2F 2-1: Called Strike 2-2: Ground out 4-3 (Groundball, 4, EV 112.5 MPH)
|
Batting: LHB Dick Shafer
|
0-0: Ball 1-0: DOUBLE (Flyball, 8LXD, EV 96.9 MPH) - OUT at third base trying to stretch hit.
|
Bottom of the 1st over - 0 runs, 1 hit, 0 errors, 0 left on base; Florida State University 1 - University of Minnesota 0 |
TOP OF THE 2ND |
Florida State University Seminoles batting - Pitching for University of Minnesota Golden Gophers : LHP Alexis Varela
|
Batting: RHB Tony Valdez
|
0-0: Ball 1-0: Ball 2-0: Foul Ball, location: 2F 2-1: Foul Ball, location: 2F 2-2: Strikes out swinging
|
Batting: SHB Jason Farr
|
0-0: Swinging Strike 0-1: Ball 1-1: Foul Ball, location: 2F 1-2: Ground out 5-3 (Groundball, 56, EV 110.0 MPH)
|
Batting: RHB Butch Huskey
|
0-0: Foul Ball, location: 2F 0-1: Swinging Strike 0-2: Strikes out swinging
|
Top of the 2nd over - 0 runs, 0 hits, 0 errors, 0 left on base; Florida State University 1 - University of Minnesota 0 |
BOTTOM OF THE 2ND |
University of Minnesota Golden Gophers batting - Pitching for Florida State University Seminoles : RHP Kyle Carlson
|
Batting: RHB Ozzie Buendia
|
0-0: Ball 1-0: Ball 2-0: Ball 3-0: Called Strike 3-1: Fly out, F7 (Flyball, 7D, EV 86.9 MPH)
|
Batting: LHB Jose Moncada
|
0-0: Called Strike 0-1: Fly out, F8 (Flyball, 78M, EV 78.8 MPH)
|
Pitching: RHP Danny Sabido
|
|
Batting: LHB Bobby Agterberg
|
0-0: Called Strike 0-1: Foul Ball, location: 2F 0-2: Foul Ball, location: 2F 0-2: Foul Ball, location: 2F 0-2: Strikes out swinging
|
Bottom of the 2nd over - 0 runs, 0 hits, 0 errors, 0 left on base; Florida State University 1 - University of Minnesota 0 |
TOP OF THE 3RD |
Florida State University Seminoles batting - Pitching for University of Minnesota Golden Gophers : LHP Alexis Varela
|
Batting: RHB Terry Cisneros
|
0-0: Called Strike 0-1: Ball 1-1: Ball 2-1: Ball 3-1: Called Strike 3-2: Strikes out swinging
|
Batting: RHB Emilio Guerra
|
0-0: Ball 1-0: Called Strike 1-1: Swinging Strike 1-2: Ball 2-2: Foul Ball, location: 2F 2-2: SINGLE (Groundball, 6MD, EV 103.1 MPH)
|
Batting: RHB Larry Berge
|
0-0: Ball 1-0: Called Strike Emilio Guerra steals 2nd base 1-1: Swinging Strike 1-2: Foul Ball, location: 2F 1-2: Foul Ball, location: 2F 1-2: Ball 2-2: Ball 3-2: Strikes out swinging
|
Batting: RHB Ray Johnson
|
0-0: Called Strike 0-1: Reached on error, E5 (Groundball, 56S, EV 86.2 MPH) Emilio Guerra to third
|
Batting: LHB Ethan Ware
|
0-0: Ball 1-0: Foul Ball, location: 2F 1-1: Foul Ball, location: 2F 1-2: Strikes out swinging
|
Top of the 3rd over - 0 runs, 1 hit, 1 error, 2 left on base; Florida State University 1 - University of Minnesota 0 |
BOTTOM OF THE 3RD |
University of Minnesota Golden Gophers batting - Pitching for Florida State University Seminoles : RHP Danny Sabido
|
Batting: LHB Ivan Villegas
|
0-0: Swinging Strike 0-1: Ball 1-1: Swinging Strike 1-2: Strikes out swinging
|
Batting: RHB Jason Mooris
|
0-0: Ball 1-0: Foul Ball, location: 2F 1-1: Swinging Strike 1-2: Strikes out looking
|
Batting: RHB Scott Rose
|
0-0: Called Strike 0-1: Ball 1-1: Foul Ball, location: 2F 1-2: Ball 2-2: Foul Ball, location: 2F 2-2: Ball 3-2: Strikes out swinging
|
Bottom of the 3rd over - 0 runs, 0 hits, 0 errors, 0 left on base; Florida State University 1 - University of Minnesota 0 |
TOP OF THE 4TH |
Florida State University Seminoles batting - Pitching for University of Minnesota Golden Gophers : LHP Alexis Varela
|
Batting: RHB Ed Vilches
|
0-0: Called Strike 0-1: Fly out, F8 (Flyball, 89M, EV 94.4 MPH)
|
Batting: RHB Tony Valdez
|
0-0: Ball 1-0: Called Strike 1-1: Foul Ball, location: 2F 1-2: Ball 2-2: Strikes out swinging
|
Batting: SHB Jason Farr
|
0-0: Ball 1-0: Foul Ball, location: 2F 1-1: Swinging Strike 1-2: Strikes out looking
|
Top of the 4th over - 0 runs, 0 hits, 0 errors, 0 left on base; Florida State University 1 - University of Minnesota 0 |
BOTTOM OF THE 4TH |
University of Minnesota Golden Gophers batting - Pitching for Florida State University Seminoles : RHP Danny Sabido
|
Batting: RHB Tatsuyoshi Ikeda
|
0-0: Called Strike 0-1: Ball 1-1: Ball 2-1: Swinging Strike 2-2: Ball 3-2: Base on Balls
|
Batting: LHB Alex Villa
|
0-0: Ball 1-0: Called Strike 1-1: Ball Tatsuyoshi Ikeda steals 2nd base (no throw) 2-1: Ground out 5-3 (Groundball, 56, EV 83.1 MPH)
|
Batting: LHB Dick Shafer
|
0-0: Ball 1-0: Ball 2-0: SINGLE (Groundball, 34D, EV 98.8 MPH) Tatsuyoshi Ikeda to third Runner from 3rd tries for Home, SAFE, throw by RF to home
|
Batting: RHB Ozzie Buendia
|
0-0: Called Strike Dick Shafer steals 2nd base 0-1: Swinging Strike 0-2: Ball 1-2: Ball 2-2: Foul Ball, location: 2F 2-2: Strikes out swinging
|
Batting: LHB Jose Moncada
|
0-0: Ground out 4-3 (Groundball, 4M, EV 103.1 MPH)
|
Bottom of the 4th over - 1 run, 1 hit, 0 errors, 1 left on base; Florida State University 1 - University of Minnesota 1 |
TOP OF THE 5TH |
Florida State University Seminoles batting - Pitching for University of Minnesota Golden Gophers : LHP Alexis Varela
|
Batting: RHB Butch Huskey
|
0-0: Ball 1-0: Called Strike 1-1: Ground out 5-3 (Groundball, 56S, EV 89.4 MPH)
|
Batting: RHB Terry Cisneros
|
0-0: Reached on error, E4 (Groundball, 4S, EV 90.6 MPH)
|
Batting: RHB Emilio Guerra
|
0-0: Ball 1-0: Foul Ball, location: 2F 1-1: Swinging Strike 1-2: Strikes out swinging
|
Batting: RHB Larry Berge
|
0-0: Foul Ball, location: 2F 0-1: Ball 1-1: Called Strike 1-2: Fielders Choice at 2nd, 6-4 (Groundball, 6, EV 81.9 MPH)
|
Top of the 5th over - 0 runs, 0 hits, 1 error, 1 left on base; Florida State University 1 - University of Minnesota 1 |
BOTTOM OF THE 5TH |
University of Minnesota Golden Gophers batting - Pitching for Florida State University Seminoles : RHP Danny Sabido
|
Batting: LHB Bobby Agterberg
|
0-0: Ground out 5-3 (Groundball, 56S, EV 81.2 MPH)
|
Batting: LHB Ivan Villegas
|
0-0: Ball 1-0: Called Strike 1-1: Ground out 4-3 (Groundball, 4, EV 86.9 MPH)
|
Batting: RHB Jason Mooris
|
0-0: Foul Ball, location: 2F 0-1: Ball 1-1: Swinging Strike 1-2: Ground out 4-3 (Groundball, 4, EV 104.4 MPH)
|
Bottom of the 5th over - 0 runs, 0 hits, 0 errors, 0 left on base; Florida State University 1 - University of Minnesota 1 |
TOP OF THE 6TH |
Florida State University Seminoles batting - Pitching for University of Minnesota Golden Gophers : LHP Alexis Varela
|
Pitching: RHP Frank McCarthy
|
|
Batting: RHB Ray Johnson
|
0-0: Fly out, F9 (Flyball, 9, EV 93.8 MPH)
|
Batting: LHB Ethan Ware
|
0-0: Ball 1-0: Foul Ball, location: 2F 1-1: Ball 2-1: Foul Ball, location: 2F 2-2: Strikes out swinging
|
Batting: RHB Ed Vilches
|
0-0: Ground out U3 (Groundball, 34S, EV 86.2 MPH)
|
Top of the 6th over - 0 runs, 0 hits, 0 errors, 0 left on base; Florida State University 1 - University of Minnesota 1 |
BOTTOM OF THE 6TH |
University of Minnesota Golden Gophers batting - Pitching for Florida State University Seminoles : RHP Danny Sabido
|
Batting: RHB Scott Rose
|
0-0: Called Strike 0-1: Ball 1-1: Foul Ball, location: 2F 1-2: Foul Ball, location: 2F 1-2: Ground out 6-3 (Groundball, 6, EV 104.4 MPH)
|
Batting: RHB Tatsuyoshi Ikeda
|
0-0: Ball 1-0: Called Strike 1-1: Foul Ball, location: 2F 1-2: Ball 2-2: Strikes out swinging
|
Batting: LHB Alex Villa
|
0-0: Called Strike 0-1: Swinging Strike 0-2: Ball 1-2: Ball 2-2: Strikes out looking
|
Bottom of the 6th over - 0 runs, 0 hits, 0 errors, 0 left on base; Florida State University 1 - University of Minnesota 1 |
TOP OF THE 7TH |
Florida State University Seminoles batting - Pitching for University of Minnesota Golden Gophers : RHP Frank McCarthy
|
Batting: RHB Tony Valdez
|
0-0: Ball 1-0: SINGLE (Groundball, 4S, EV 96.9 MPH)
|
Batting: SHB Jason Farr
|
0-0: Ball Tony Valdez steals 2nd base 1-0: Fly out, F7 (Line Drive, 7, EV 102.5 MPH)
|
Batting: RHB Butch Huskey
|
0-0: Ball 1-0: SINGLE (Line Drive, 7LM, EV 85.0 MPH) Tony Valdez to third
|
Batting: RHB Terry Cisneros
|
Pickoff Throw to First - Out! 1-3 0-0: Ball 1-0: Ball 2-0: Foul Ball, location: 2F 2-1: Foul Ball, location: 2F 2-2: Ground out 4-3 (Groundball, 4, EV 83.8 MPH)
|
Top of the 7th over - 0 runs, 2 hits, 0 errors, 1 left on base; Florida State University 1 - University of Minnesota 1 |
BOTTOM OF THE 7TH |
University of Minnesota Golden Gophers batting - Pitching for Florida State University Seminoles : RHP Danny Sabido
|
Pitching: RHP Fraser Silk
|
|
Batting: LHB Dick Shafer
|
0-0: Fly out, F7 (Flyball, 7S, EV 83.1 MPH)
|
Batting: RHB Ozzie Buendia
|
0-0: Swinging Strike 0-1: Ball 1-1: Called Strike 1-2: Foul Ball, location: 2F 1-2: Foul Ball, location: 2F 1-2: Foul Ball, location: 2F 1-2: Ball 2-2: Foul Ball, location: 2F 2-2: Ball 3-2: Foul Ball, location: 2F 3-2: Foul Ball, location: 2F 3-2: Foul Ball, location: 2F 3-2: SINGLE (Groundball, 34D, EV 101.9 MPH)
|
Batting: LHB Jose Moncada
|
0-0: Ball 1-0: Foul Ball, location: 2F 1-1: Swinging Strike 1-2: Fly out, F7 (Flyball, 7D, EV 98.8 MPH)
|
Batting: LHB Bobby Agterberg
|
0-0: Called Strike 0-1: Foul Ball, location: 2F 0-2: Strikes out looking
|
Bottom of the 7th over - 0 runs, 1 hit, 0 errors, 1 left on base; Florida State University 1 - University of Minnesota 1 |
TOP OF THE 8TH |
Florida State University Seminoles batting - Pitching for University of Minnesota Golden Gophers : RHP Frank McCarthy
|
Pitching: LHP Ryan Hancock
|
|
Batting: RHB Emilio Guerra
|
0-0: Ball 1-0: Called Strike 1-1: Called Strike 1-2: Ball 2-2: Ball 3-2: Base on Balls
|
Batting: RHB Larry Berge
|
0-0: Ball 1-0: Foul Ball, location: 2F 1-1: Ball 2-1: Bunt missed! 2-2: Ball 3-2: Base on Balls Emilio Guerra to second
|
Batting: RHB Ray Johnson
|
0-0: Bunt missed! 0-1: Bunt missed! 0-2: Ball 1-2: Ball 2-2: Ball 3-2: Base on Balls Emilio Guerra to third Larry Berge to second
|
Batting: LHB Ethan Ware
|
0-0: Ball 1-0: Called Strike 1-1: SINGLE (Groundball, 34, EV 99.4 MPH) Emilio Guerra scores Larry Berge to third Ray Johnson to second Runner from 3rd tries for Home, SAFE, throw by RF to home
|
Batting: RHB Ed Vilches
|
0-0: Foul Ball, location: 2F 0-1: Swinging Strike 0-2: Foul Ball, location: 2F 0-2: Ball 1-2: Ball 2-2: Ball 3-2: Foul Ball, location: 2F 3-2: Strikes out looking
|
Pitching: RHP Mike Binns
|
|
Batting: RHB Tony Valdez
|
0-0: Ball 1-0: Called Strike 1-1: Fly out, F8 (Line Drive, 8RD, EV 93.1 MPH)
|
Batting: SHB Jason Farr
|
0-0: Ground out 1-3 (Groundball, 34S, EV 68.1 MPH)
|
Top of the 8th over - 2 runs, 1 hit, 0 errors, 2 left on base; Florida State University 3 - University of Minnesota 1 |
BOTTOM OF THE 8TH |
University of Minnesota Golden Gophers batting - Pitching for Florida State University Seminoles : RHP Fraser Silk
|
Batting: LHB Ivan Villegas
|
0-0: Ball 1-0: Called Strike 1-1: Ball 2-1: Called Strike 2-2: Ground out 1-3 (Groundball, 13S, EV 71.2 MPH)
|
Batting: RHB Jason Mooris
|
0-0: Ground out 5-3 (Groundball, 56D, EV 83.1 MPH)
|
Batting: RHB Scott Rose
|
0-0: Ground out 4-3 (Groundball, 4S, EV 83.1 MPH)
|
Bottom of the 8th over - 0 runs, 0 hits, 0 errors, 0 left on base; Florida State University 3 - University of Minnesota 1 |
TOP OF THE 9TH |
Florida State University Seminoles batting - Pitching for University of Minnesota Golden Gophers : RHP Mike Binns
|
Pitching: RHP Adam Wickwire
|
|
Batting: RHB Butch Huskey
|
0-0: Swinging Strike 0-1: Swinging Strike 0-2: Reached on error, E6 (Groundball, 6, EV 92.5 MPH)
|
Batting: RHB Terry Cisneros
|
0-0: Called Strike Butch Huskey steals 2nd base 0-1: Fly out, F7 (Flyball, 7S, EV 92.5 MPH)
|
Batting: RHB Emilio Guerra
|
0-0: Ball 1-0: Ball 2-0: Ball 3-0: Called Strike 3-1: Called Strike 3-2: Base on Balls
|
Batting: RHB Larry Berge
|
0-0: Swinging Strike 0-1: Swinging Strike 0-2: Ball 1-2: Ball 2-2: Foul Ball, location: 2F 2-2: Strikes out swinging
|
Batting: RHB Ray Johnson
|
0-0: Ball 1-0: Foul Ball, location: 2F 1-1: Swinging Strike 1-2: Ball 2-2: Strikes out swinging
|
Top of the 9th over - 0 runs, 0 hits, 1 error, 2 left on base; Florida State University 3 - University of Minnesota 1 |
BOTTOM OF THE 9TH |
University of Minnesota Golden Gophers batting - Pitching for Florida State University Seminoles : RHP Fraser Silk
|
Pitching: LHP Angel Villatoro
|
|
Batting: RHB Tatsuyoshi Ikeda
|
0-0: Called Strike 0-1: Ground out 5-3 (Groundball, 56, EV 97.5 MPH)
|
Batting: LHB Alex Villa
|
0-0: Called Strike 0-1: Foul Ball, location: 2F 0-2: Hit by Pitch
|
Batting: LHB Dick Shafer
|
0-0: Fly out, F9 (Flyball, 89S, EV 83.1 MPH)
|
Batting: RHB Ozzie Buendia
|
0-0: Called Strike 0-1: Ball 1-1: Ball 2-1: Foul Ball, location: 2F 2-2: Ball 3-2: Strikes out looking
|
Bottom of the 9th over - 0 runs, 0 hits, 0 errors, 1 left on base; Florida State University 3 - University of Minnesota 1 |
|